 Dungeon Sprint DCSS version 0.16-a0-3841-g2612308 (console) character file.

1350 Monkaria the Fencer (level 8, -6/85 HPs)
             Began as a Hill Orc Fighter on Jan 30, 2015.
             Was a Plaything of Xom.
             Killed from afar by a smoke demon (17 damage)
             ... with a ball of steam
             ... summoned by the capriciousness of Xom
             ... in the Dungeon (Sprint IX: "|||||||||||||||||||||||||||||").
             The game lasted 00:02:21 (679 turns).

Monkaria the Fencer (Hill Orc Fighter)               Turns: 679, Time: 00:02:21

Health: -6/85      AC: 12    Str: 21    XL:     8   Next: 63%
Magic:  8/8        EV:  5    Int:  9    God:    Xom [.*....]
Gold:   20         SH:  9    Dex: 13    Spells: 0 memorised, 7 levels left

rFire  . . .     SeeInvis .     p - +2 scimitar (flame)
rCold  . . .     Clarity  .     s - +1 chain mail
rNeg   . . .     SustAb   .     c - +0 shield
rPois  .         Gourm    .     q - +0 helmet
rElec  .         Spirit   .     r - +0 cloak
rCorr  .         Warding  .     (no gloves)
rMut   .         NoTele   +     (no boots)
MR     .....                    (no amulet)
Stlth  ..........               u - +3 ring of dexterity
                                t - +3 ring of intelligence

@: not resistant to hostile enchantments, extremely unstealthy
A: dopey 1
a: Renounce Religion


You were in the Dungeon.
You worshipped Xom.
You were a plaything of Xom.
You were not hungry.

You visited 1 branch You collected 20 gold pieces.

Inventory:

Hand weapons
 p - a +2 scimitar of flaming (weapon)
Armour
 b - a +0 plate armour
 c - a +0 shield (worn)
 q - a +0 helmet (worn)
 r - a +0 cloak (worn)
 s - a +1 chain mail (worn)
Jewellery
 t - a +3 ring of intelligence (left hand)
 u - a +3 ring of dexterity (right hand)
Magical devices
 o - a wand of draining (2)
Scrolls
 k - 3 scrolls of blinking
 m - 3 scrolls of remove curse
 n - 2 scrolls of amnesia
 w - 4 scrolls of recharging
 x - 2 scrolls of enchant weapon
 y - a scroll of fear
Potions
 a - 2 potions of cure mutation
 e - a potion of might
 f - 6 potions of curing
 g - a potion of restore abilities
 h - a potion of haste
 i - 4 potions of magic
 j - a potion of berserk rage
 l - a potion of invisibility
 v - 2 potions of heal wounds
Comestibles
 d - a meat ration


   Skills:
 + Level 12.9 Fighting
 * Level 15.8 Long Blades
 - Level 3.2 Armour
 - Level 3.2 Shields


You had 7 spell levels left.
You didn't know any spells.

Dungeon Overview and Level Annotations

Branches:
Dungeon (1/1)

Altars:
Cheibriados
Dithmenos
Elyvilon
Fedhas
Gozag
Kikubaaqudgha
Makhleb
Nemelex Xobeh
Okawaru
Qazlal
Ru
Sif Muna
Trog
Vehumet
Xom
Yredelemnul
Zin
The Shining One
Beogh
Jiyva
Lugonu


Innate Abilities, Weirdness & Mutations

You are dopey. (Int -2)


Message History

The smoke demon hits you but does no damage.
You hit the smoke demon.
The smoke demon is lightly wounded.
You are covered in liquid flames!
The smoke demon gestures at you. The ball of steam hits you!
You hit the smoke demon but do no damage.
The smoke demon is lightly wounded.
You are engulfed in a cloud of scalding steam.
You slash the smoke demon!
The smoke demon is moderately wounded.
You are engulfed in a cloud of scalding steam.
The fire drake breathes flames at you.
The blast of flame hits the smoke demon.
The smoke demon resists.
The blast of flame hits you!
* * * LOW HITPOINT WARNING * * *
The smoke demon gestures at you. The ball of steam hits you!
You die...
Xom bursts into laughter!

∆ ∆∆∆∆ ∆∆∆∆∆∆∆∆ ∆∆∆∆∆∆∆∆ ∆∆∆∆
∆∆∆∆∆∆∆∆∆∆∆ ∆∆∆∆∆∆∆∆∆∆∆∆∆
▓▓▓▓▓▓▓▓▓▓▓▓▓▓▓▓▓▓▓▓▓▓▓▓▓
....hhk3@†.....[.......'.
▓▓▓▓▓▓▓▓▓▓▓▓▓▓▓▓▓▓▓▓▓▓▓▓▓▓▓▓▓▓▓▓▓
.................................
▓▓▓▓▓▓▓▓▓▓▓▓▓▓▓▓▓▓▓▓▓▓▓▓▓▓▓▓▓▓▓▓▓
_____________________'.....[....(
▓▓▓▓▓▓▓▓▓▓▓▓▓▓▓▓▓▓▓▓▓▓▓▓▓▓▓▓▓▓▓▓▓


You could see a smoke demon, a fire drake, a black bear and a hound.

Vanquished Creatures
  An ugly thing (D)
  A troll (D)
  A wraith (D)
  2 water moccasins (D)
  An orc warrior (D)
  A big kobold (D)
  A giant frog (D)
  A wight (D)
  A jelly (D)
  A hound (D)
  5 adders (D)
  An ooze (D)
  An orc (D)
  A bat (D)
  A goblin (D)
  A hobgoblin (D)
  A quokka (D)
  2 giant geckos (D)
  3 kobolds (D)
  A rat (D)
28 creatures vanquished.

Notes
Turn   | Place    | Note
--------------------------------------------------------------
     0 | D        | Monkaria, the Hill Orc Fighter, began the quest for the Orb.
     0 | D        | Reached XP level 1. HP: 19/19 MP: 1/1
    21 | D        | Reached skill level 4 in Fighting
    98 | D        | Reached XP level 2. HP: 25/28 MP: 2/2
   106 | D        | Reached skill level 5 in Long Blades
   110 | D        | Reached skill level 5 in Fighting
   112 | D        | Reached XP level 3. HP: 29/36 MP: 3/3
   166 | D        | Found a glowing silver altar of Zin.
   166 | D        | Found a glowing golden altar of the Shining One.
   166 | D        | Found an ancient bone altar of Kikubaaqudgha.
   166 | D        | Found a basalt altar of Yredelemnul.
   166 | D        | Found a shimmering altar of Xom.
   166 | D        | Found a radiant altar of Vehumet.
   166 | D        | Found an iron altar of Okawaru.
   167 | D        | Found a burning altar of Makhleb.
   168 | D        | Found a deep blue altar of Sif Muna.
   169 | D        | Found a bloodstained altar of Trog.
   170 | D        | Found a sparkling altar of Nemelex Xobeh.
   171 | D        | Found a white marble altar of Elyvilon.
   172 | D        | Found a roughly hewn altar of Beogh.
   173 | D        | Found a viscous altar of Jiyva.
   174 | D        | Found a corrupted altar of Lugonu.
   175 | D        | Found a blossoming altar of Fedhas.
   176 | D        | Found a snail-covered altar of Cheibriados.
   177 | D        | Found a shadowy altar of Dithmenos.
   178 | D        | Found a stormy altar of Qazlal.
   179 | D        | Found an opulent altar of Gozag.
   180 | D        | Found a sacrificial altar of Ru.
   260 | D        | Became a worshipper of Xom of Chaos
   287 | D        | Noticed a jelly
   287 | D        | Noticed a wight
   291 | D        | Killed a wight
   291 | D        | Reached skill level 6 in Fighting
   291 | D        | Reached skill level 7 in Long Blades
   291 | D        | Reached XP level 4. HP: 42/45 MP: 4/4
   294 | D        | Killed a jelly
   294 | D        | Reached skill level 8 in Long Blades
   300 | D        | Reached XP level 5. HP: 47/52 MP: 5/5
   314 | D        | XOM: divination: magic mapping
   327 | D        | Noticed a troll
   327 | D        | Noticed a hound
   327 | D        | Noticed a wraith
   327 | D        | Noticed a brown ugly thing
   327 | D        | Noticed a big kobold
   327 | D        | Noticed an orc warrior
   327 | D        | XOM: potion effect (invisibility)
   335 | D        | XOM: noise
   340 | D        | Killed an orc warrior
   340 | D        | Reached skill level 10 in Long Blades
   345 | D        | Killed a big kobold
   345 | D        | Reached skill level 11 in Long Blades
   345 | D        | Reached XP level 6. HP: 40/63 MP: 6/6
   349 | D        | Killed a hound
   352 | D        | Killed a brown ugly thing
   352 | D        | Reached skill level 14 in Long Blades
   352 | D        | Reached XP level 7. HP: 19/74 MP: 7/7
   352 | D        | XOM: divination: detect items
   355 | D        | XOM: enchant monster (bad)
   381 | D        | Killed a troll
   381 | D        | Reached XP level 8. HP: 43/83 MP: 8/8
   383 | D        | Killed a wraith
   383 | D        | Reached skill level 15 in Long Blades
   395 | D        | Gained mutation: You are dopey. (Int -2) [mutagenic meat]
   656 | D        | Noticed a fire drake
   656 | D        | Noticed a water moccasin
   656 | D        | Noticed a giant frog
   656 | D        | Noticed a water moccasin
   660 | D        | Killed a water moccasin
   667 | D        | Killed a giant frog
   668 | D        | Killed a water moccasin
   670 | D        | Noticed a black bear
   670 | D        | XOM: medium Summ miscast
   671 | D        | Noticed a smoke demon
   673 | D        | XOM: confusion
   674 | D        | Noticed a hound
   679 | D        | Killed from afar by a smoke demon

Action                   |  1- 3 |  4- 6 |  7- 9 || total
-------------------------+-------+-------+-------++-------
Melee: Long sword        |    43 |       |       ||    43
       Scimitar          |     4 |    32 |    39 ||    75
Evoke: Wand              |       |     2 |     3 ||     5
  Use: Potion            |       |       |     4 ||     4
 Stab: Invisible         |       |     2 |       ||     2
  Eat: Chunk             |       |       |     1 ||     1
